General information
- name: BNet
- type: Ladder team game (AT/RT)
- host: Battle.net
- saver: TheNumber1-B
map: TwistedMeadows
- players: 4
- length: 11:33
- speed: Fast
- version: 1.23 W3XP
- replay type: Public
» download(69 KB)
Players
team 1 (winner)

»
TheNumber1-B (
blue | 144 APM | 1660 actions | 11:33)
3 Blademaster
2 Wind Walk
1 Critical Strike
2 Shadow Hunter
1 Hex
1 Healing Wave
» actions
| Assign group hotkey | 38 | |
| Basic commands | 19 | |
| Build / train | 44 | |
| Enter build submenu | 10 | |
| Enter hero's abilities submenu | 5 | |
| Give item / drop item | 2 | |
| Right click | 736 | |
| Select / deselect | 133 | |
| Select group hotkey | 624 | |
| Use ability | 49 | |
1660 total
» units
| Peon | 7 | |
| Grunt | 10 | |
| Forest Troll Shadow Priest | 1 | |
| Forest Troll Berserker | 1 | |
| Raider | 3 | |
| Spirit Walker | 3 | |
25 total
» upgrades
| Ensnare | 1 | |
| Berserker Strength | 1 | |
| Pillage | 1 | |
3 total
» buildings
| Altar of Storms | 1 | |
| Orc Burrow | 5 | |
| Barracks | 1 | |
| Voodoo Lounge | 1 | |
| Stronghold | 1 | |
| Beastiary | 1 | |
| Spirit Lodge | 1 | |
11 total
» build order
00:07 Altar of Storms
00:21 Orc Burrow
00:35 Barracks
01:29 Orc Burrow
01:51 Voodoo Lounge
02:56 Stronghold
03:35 Orc Burrow
05:21 Beastiary
05:50 Spirit Lodge
06:57 Orc Burrow
09:03 Orc Burrow
» items
| Boots of Speed | 1 | |
| Dust of Appearance | 1 | |
| Healing Salve | 2 | |
4 total

»
Vil (
yellow | 98 APM | 1132 actions | 11:32)
3 Death Knight
2 Death Coil
1 Unholy Aura
1 Lich
1 Frost Nova
» actions
| Assign group hotkey | 28 | |
| Basic commands | 20 | |
| Build / train | 35 | |
| Enter build submenu | 11 | |
| Enter hero's abilities submenu | 4 | |
| Right click | 557 | |
| Select / deselect | 184 | |
| Select group hotkey | 244 | |
| Use ability | 49 | |
1132 total
» units
| Acolyte | 3 | |
| Ghoul | 3 | |
| Crypt Fiend | 11 | |
| Obsidian Statue | 2 | |
19 total
» upgrades
» buildings
| Crypt | 1 | |
| Graveyard | 2 | |
| Altar of Darkness | 1 | |
| Ziggurat | 4 | |
| Tomb of Relics | 1 | |
| Nerubian Tower | 1 | |
| Halls of the Dead | 4 | |
| Black Citadel | 1 | |
| Slaughterhouse | 1 | |
16 total
» build order
00:09 Crypt
00:11 Graveyard
00:15 Graveyard
00:40 Altar of Darkness
00:56 Ziggurat
01:25 Tomb of Relics
02:22 Ziggurat
02:54 Nerubian Tower
03:41 Halls of the Dead
03:41 Halls of the Dead
03:41 Halls of the Dead
04:18 Ziggurat
06:03 Black Citadel
07:06 Slaughterhouse
07:59 Ziggurat
» items
| Rod of Necromancy | 2 | |
| Orb of Corruption | 1 | |
3 total
team 2 (loser)
ImWeird (
orange | 98 APM | 1127 actions | 11:32)
3 Blademaster
2 Wind Walk
1 Critical Strike
1 Tauren Chieftain
1 War Stomp
» actions
| Assign group hotkey | 50 | |
| Basic commands | 67 | |
| Build / train | 39 | |
| ESC pressed | 4 | |
| Enter build submenu | 10 | |
| Enter hero's abilities submenu | 4 | |
| Remove unit from queue | 1 | |
| Right click | 594 | |
| Select / deselect | 193 | |
| Select group hotkey | 112 | |
| Use ability | 53 | |
1127 total
» units
» upgrades
| Berserker Strength | 1 | |
| Ensnare | 1 | |
| Armor | 1 | |
| Envenomed Spears | 1 | |
4 total
» buildings
| Altar of Storms | 1 | |
| Orc Burrow | 3 | |
| Barracks | 1 | |
| Voodoo Lounge | 1 | |
| Stronghold | 2 | |
| War Mill | 1 | |
| Beastiary | 1 | |
| Fortress | 1 | |
| Tauren Totem | 1 | |
12 total
» build order
00:07 Altar of Storms
00:21 Orc Burrow
00:52 Barracks
01:31 Orc Burrow
01:45 Voodoo Lounge
03:23 Stronghold
04:20 Orc Burrow
04:58 War Mill
06:02 Beastiary
07:14 Fortress
10:48 Tauren Totem
» items
| Healing Salve | 4 | |
| Scroll of Speed | 1 | |
5 total
Saint-Soldier (
pink | 66 APM | 755 actions | 11:26)
2 Demon Hunter
1 Mana Burn
1 Evasion
1 Priestess of the Moon
1 Trueshot Aura
» actions
| Basic commands | 16 | |
| Build / train | 46 | |
| ESC pressed | 1 | |
| Enter build submenu | 13 | |
| Enter hero's abilities submenu | 3 | |
| Right click | 413 | |
| Select / deselect | 225 | |
| Use ability | 38 | |
755 total
» units
| Wisp | 17 | |
| Huntress | 6 | |
| Dryad | 4 | |
| Archer | 2 | |
| Druid of the Talon | 2 | |
31 total
» upgrades
| Reinforced Hides | 1 | |
| Improved Bows | 1 | |
2 total
» buildings
| Altar of Elders | 1 | |
| Moon Well | 4 | |
| Hunter's Hall | 1 | |
| Ancient of War | 1 | |
| Ancient of Wonders | 1 | |
| Ancient Protector | 1 | |
| Tree of Ages | 1 | |
| Ancient of Lore | 2 | |
| Ancient of Wind | 1 | |
13 total
» build order
00:11 Altar of Elders
00:12 Moon Well
01:34 Hunter's Hall
01:55 Ancient of War
02:06 Moon Well
02:26 Moon Well
02:34 Ancient of Wonders
03:05 Ancient Protector
04:12 Tree of Ages
05:53 Moon Well
07:03 Ancient of Lore
07:06 Ancient of Lore
09:02 Ancient of Wind
» items
| Dust of Appearance | 1 | |
| Potion of Healing | 4 | |
5 total
Chat log
(00:23 / All) Vil: GL
(00:27 / All) Vil: noobs
(01:43 / Allies) TheNumber1-B: lets gg some fools
(01:53 / Allies) Vil: last game, make it good
(02:02 / Allies) TheNumber1-B: dont noob it up
(02:05 / Allies) TheNumber1-B: lets team creep this map
(02:10 / Allies) Vil: wtf
(02:11 / Allies) Vil: fuck you
(02:12 / Allies) Vil: you harass
(02:13 / Allies) Vil: noob
(07:29 / Allies) Vil: my computer being gay dont talk on vent
(07:30 / Allies) Vil: please
(08:07 / Allies) Vil: cancel
(08:09 / Allies) Vil: other building
(08:49 / Allies) Vil: sure
(11:29 / All) TheNumber1-B: EZ MONEY